Map: Oxide LE

Players

SKillous - Winner!

  • Race: Protoss Protoss

BattleB

  • Race: Terran Terran

Event: DreamHack SC2 Masters 2021 Winter

VOD

Have the link to the VOD?

Description

Time

  • Played on: Sept. 29, 2021, 1:21 p.m.
  • Length: 10:52

All games in this series

Show
View Real Time Build Order
Export as new Build Order

SKillous Protoss - Winner!

Build Orders: 1 Gate Expand, Archon Immortal, Blink Stalkers 

Get SALT Encoding   

  12  0:00  Probe  
  13  0:12  Probe  
  14  0:17  Pylon  
  14  0:24  Probe (Chrono Boost)  
  15  0:36  Probe (Chrono Boost)  
  15  0:37  Gateway  
  16  0:45  Assimilator, Probe (Chrono Boost)  
  17  0:51  Probe  
  18  1:03  Probe  
  19  1:15  Probe  
  20  1:24  Cybernetics Core  
  20  1:30  Nexus  
  20  1:37  Pylon  
  20  1:39  Probe  
  21  1:44  Assimilator  
  21  1:51  Probe  
  22  1:57  Adept (Chrono Boost)  
  22  2:01  Warp Gate  
  24  2:03  Probe  
  25  2:15  Probe  
  25  2:17  Stalker (Chrono Boost)  
  28  2:27  Probe  
  29  2:32  Twilight Council  
  29  2:43  Probe (Chrono Boost)  
  31  2:44  Probe (Chrono Boost)  
  31  2:47  Robotics Facility  
  31  2:52  Probe (Chrono Boost)  
  31  2:54  Probe (Chrono Boost)  
  31  2:57  Probe (Chrono Boost)  
  33  3:04  Probe  
  35  3:08  Blink (Chrono Boost)  
  35  3:09  Probe  
  35  3:12  Gateway  
  36  3:16  Probe  
  37  3:21  Probe  
  37  3:22  Shield Battery  
  38  3:28  Probe  
  38  3:34  Observer, Probe  
  41  3:40  Probe (Chrono Boost)  
  41  3:50  Probe (Chrono Boost)  
  41  3:52  Probe (Chrono Boost)  
  42  3:56  Nexus  
  42  3:59  Probe (Chrono Boost), Pylon  
  42  4:00  Probe (Chrono Boost)  
  44  4:06  Probe, Pylon  
  43  4:10  Probe  
  43  4:15  Observer  
  45  4:17  Stalker x2  
  45  4:18  Probe  
  45  4:22  Assimilator  
  50  4:27  Probe  
  50  4:29  Pylon  
  51  4:34  Probe  
  51  4:36  Observer  
  53  4:39  Probe  
  53  4:40  Stalker x2  
  53  4:41  Observer  
  58  4:46  Probe (Chrono Boost)  
  58  4:47  Forge  
  60  4:56  Probe (Chrono Boost)  
  60  4:57  Gateway  
  60  4:58  Probe (Chrono Boost)  
  60  4:59  Gateway  
  61  5:04  Stalker, Probe (Chrono Boost)  
  61  5:05  Stalker  
  67  5:07  Shield Battery  
  67  5:10  Shield Battery  
  66  5:15  Immortal (Chrono Boost)  
  70  5:25  Probe (Chrono Boost), Charge  
  70  5:27  Probe x2 (Chrono Boost)  
  73  5:31  Protoss Ground Weapons Level 1 (Chrono Boost)  
  73  5:34  Pylon  
  74  5:37  Probe (Chrono Boost)  
  74  5:41  Probe x2 (Chrono Boost)  
  74  5:42  Probe (Chrono Boost)  
  76  5:48  Pylon  
  76  5:49  Immortal, Probe x2  
  83  5:51  Probe  
  84  5:58  Pylon  
  84  6:00  Observer, Gateway  
  84  6:02  Gateway  
  84  6:05  Gateway  
  84  6:07  Assimilator  
  84  6:08  Gateway  
  84  6:09  Templar Archives  
  84  6:11  Probe  
  85  6:14  Stalker  
  85  6:17  Probe  
  88  6:25  Zealot x3  
  94  6:34  Pylon  
  94  6:40  Stalker  
  94  6:42  Pylon  
  94  6:43  Immortal  
  94  6:45  Stalker  
  94  6:46  Stalker  
  101  6:47  Zealot  
  101  6:50  Pylon  
  101  6:51  Pylon  
  103  6:55  Pylon  
  103  6:56  Zealot x2  
  107  7:01  Zealot  
  109  7:11  Sentry  
  109  7:12  Zealot x3, Sentry  
  119  7:17  Assimilator  
  119  7:19  Zealot x2, Pylon  
  119  7:22  Shield Battery  
  123  7:27  Immortal  
  127  7:31  Zealot  
  127  7:35  Zealot x5  
  104  7:52  Zealot x3  
  86  7:59  Zealot x5  
  90  8:06  Immortal  
  90  8:08  Protoss Ground Armor Level 1 (Chrono Boost)  
  90  8:09  Gateway  
  90  8:11  Gateway  
  94  8:15  High Templar x2  
  94  8:16  Sentry  
  100  8:20  Archon, Shield Battery  
  100  8:25  Zealot x5  
  98  8:39  Observer  
  98  8:40  Zealot  
  84  8:42  Observer  
  84  8:45  Immortal, Zealot x5  
  96  8:49  High Templar x2  
  96  8:54  Archon  
  94  9:06  Zealot x2  
  94  9:07  Zealot x5  
  104  9:16  Observer  
  98  9:21  Observer, Zealot  
  92  9:27  Zealot x7  
  104  9:39  High Templar x2  
  104  9:40  Probe x3  
  104  9:44  Archon  
  111  9:48  High Templar x4  
  111  9:52  Zealot x4  
  127  9:55  Archon x2  
  125  10:14  Stalker x6  
  137  10:25  Zealot x4  
  135  10:39  Zealot x6  
Show
View Real Time Build Order
Export as new Build Order

BattleB Terran 

Build Orders:  

Get SALT Encoding   

  12  0:00  SCV  
  13  0:12  SCV  
  14  0:17  Supply Depot  
  14  0:24  SCV  
  15  0:38  SCV  
  15  0:39  Barracks  
  16  0:43  Refinery  
  16  0:50  SCV  
  17  1:02  SCV  
  18  1:15  SCV  
  19  1:26  Marine  
  19  1:27  Orbital Command  
  20  1:39  Command Center  
  20  1:46  Barracks Reactor  
  20  1:53  Supply Depot  
  20  1:54  SCV  
  21  2:04  Factory  
  21  2:08  SCV  
  22  2:16  Refinery  
  22  2:20  SCV  
  23  2:22  Marine  
  23  2:23  Marine  
  25  2:32  SCV  
  26  2:40  Marine x2  
  28  2:44  SCV  
  28  2:48  Hellion  
  28  2:49  Starport  
  31  2:56  Orbital Command  
  31  3:00  SCV  
  31  3:02  Marine  
  31  3:05  Marine  
  34  3:11  Widow Mine  
  34  3:12  SCV  
  37  3:20  Marine  
  37  3:21  SCV  
  37  3:23  Marine  
  37  3:25  Supply Depot  
  40  3:29  Medivac  
  40  3:30  SCV  
  45  3:34  Widow Mine  
  45  3:36  SCV  
  46  3:47  Marine x2  
  48  3:50  Supply Depot, SCV x2  
  47  3:57  Barracks  
  47  4:00  Factory Tech Lab, Starport Tech Lab  
  47  4:02  SCV x2  
  49  4:05  Marine  
  49  4:06  Marine  
  51  4:11  Supply Depot  
  51  4:14  SCV  
  51  4:15  SCV  
  53  4:19  Siege Tank  
  53  4:22  Raven  
  58  4:28  SCV x2  
  58  4:31  Barracks  
  60  4:34  Marine x2  
  62  4:39  Supply Depot  
  62  4:40  SCV x2  
  64  4:47  Engineering Bay  
  64  4:48  Refinery  
  64  4:52  SCV  
  65  4:53  SCV, Marine x2  
  65  4:58  Marauder, Stimpack  
  70  5:04  SCV  
  70  5:05  Supply Depot  
  70  5:06  SCV  
  72  5:13  Terran Infantry Weapons Level 1  
  72  5:14  Marine  
  72  5:15  Marine  
  72  5:16  SCV  
  72  5:18  SCV  
  72  5:20  Bunker  
  75  5:25  Factory Reactor, Starport Reactor  
  75  5:26  Marauder  
  77  5:28  SCV  
  77  5:31  Refinery  
  77  5:33  SCV, Combat Shield  
  77  5:34  Supply Depot  
  81  5:35  Marauder  
  81  5:36  Marine  
  81  5:38  Marine  
  83  5:46  Supply Depot  
  85  5:50  Marauder  
  85  5:55  Marine  
  88  5:57  Marauder  
  88  5:58  Marine  
  88  6:01  Supply Depot  
  88  6:02  Medivac  
  88  6:03  Supply Depot  
  91  6:05  Medivac  
  91  6:08  Widow Mine  
  91  6:10  Widow Mine  
  91  6:11  Supply Depot  
  97  6:13  Marine  
  97  6:16  Marine  
  101  6:18  Marauder  
  101  6:23  Marauder  
  101  6:25  Supply Depot  
  103  6:31  Widow Mine x2  
  107  6:33  Marine  
  107  6:34  Marine  
  107  6:36  SCV x2  
  108  6:44  Marauder  
  110  6:50  Marauder  
  110  6:51  Barracks  
  110  6:52  Barracks  
  112  6:54  Marine  
  112  6:55  Medivac x2, Marine  
  122  7:01  Widow Mine x2  
  122  7:05  SCV x2  
  124  7:09  Marauder  
  124  7:13  Marauder  
  124  7:15  Marine x2  
  122  7:18  Supply Depot  
  124  7:25  Command Center  
  123  7:32  Widow Mine x2  
  126  7:40  Marauder x2, Marine x2  
  126  7:42  Barracks Tech Lab  
  126  7:43  Barracks Reactor  
  109  7:58  Marine x2  
  97  8:01  Medivac, Marine  
  97  8:02  Marauder, Widow Mine x2, Medivac  
  107  8:06  Supply Depot, Marine, Terran Infantry Armor Level 1  
  106  8:15  Marine  
  106  8:16  Marine  
  106  8:19  Marauder  
  110  8:20  Marine x2  
  110  8:23  Marine  
  110  8:24  Marine  
  110  8:26  Widow Mine x2  
  117  8:33  Medivac x2, Marine x2  
  116  8:38  Marine x2  
  116  8:40  Marine x2  
  107  8:42  Marine  
  108  8:50  Widow Mine x2  
  102  8:55  Marine  
  102  8:56  Marine  
  102  8:57  Marine x2  
  102  8:59  Marauder x2  
  102  9:01  Marauder  
  112  9:06  Liberator x2  
  116  9:13  Widow Mine x2, Marine  
  116  9:14  Marine  
  113  9:18  Marine  
  113  9:19  Marine x2  
  113  9:20  Marine  
  113  9:23  Marine  
  100  9:35  Marine x2  
  100  9:36  Marine x2  
  100  9:37  Widow Mine x2  
  107  9:41  Marauder x2  
  107  9:44  Marauder  
  113  9:53  Marine x2  
  113  9:54  Marine x2  
  113  9:56  Liberator  
  113  9:57  Liberator  
  123  10:03  Widow Mine x2  
  127  10:08  Marauder  
  127  10:15  Marauder x2  
  127  10:16  Marine  
  127  10:19  Marine x2  
  134  10:24  Marine  
  134  10:25  Widow Mine x2  
  139  10:29  Supply Depot  

Tags
 
Add a new tag
Caveats
  • Supply blocks, unpowered buildings, or Contaminate may cause inaccurate times.
  • Supply counts are checked every 10 seconds.